 Dungeon Crawl Stone Soup version 0.19-a0-283-g61a59a3 (webtiles) character file.

1048 GlassEater the Nimble (level 8, -2/39 HPs)
             Began as a Spriggan Assassin on May 27, 2016.
             Was a Follower of Dithmenos.
             Killed from afar by an orc wizard (7 damage)
             ... with a magic dart
             ... on level 6 of the Dungeon.
             The game lasted 00:11:56 (6511 turns).

GlassEater the Nimble (Spriggan Assassin)           Turns: 6511, Time: 00:11:56

Health: -2/39      AC:  4    Str:  7    XL:     8   Next: 5%
Magic:  9/9        EV: 22    Int: 13    God:    Dithmenos [*.....]
Gold:   318        SH:  0    Dex: 19    Spells: 0 memorised, 7 levels left

rFire  . . .     SeeInvis +     a - +2 dagger (venom)
rCold  . . .     Gourm    .     c - +0 robe
rNeg   . . .     Faith    .     (shield restricted)
rPois  .         Spirit   .     (helmet restricted)
rElec  .         Dismiss  .     d - +1 cloak
rCorr  .         Reflect  .     (gloves unavailable)
SustAt .         Harm     .     (boots unavailable)
MR     +....                    (no amulet)
Stlth  ++++++....               (no ring)
                                (no ring)

@: wreathed by umbra, very quick, somewhat resistant to hostile enchantments,
very stealthy
A: unfitting armour, see invisible, herbivore 3, speed 3, slow metabolism 2
a: Renounce Religion


You were on level 6 of the Dungeon.
You worshipped Dithmenos.
Dithmenos was aware of your devotion.
You were full.

You visited 1 branch of the dungeon, and saw 6 of its levels.

You collected 318 gold pieces.

Inventory:

Hand Weapons
 a - a +2 dagger of venom (weapon)
 b - a +0 blowgun
 i - a +2 dagger
Missiles
 e - 28 poisoned needles
 f - 2 curare-tipped needles
 r - 169 stones (quivered)
Armour
 c - a +0 robe (worn)
 d - a +1 cloak (worn)
Wands
 q - a wand of lightning (3/15)
 w - a wand of disintegration (7/24)
Scrolls
 h - a scroll of recharging
 m - a scroll of enchant armour
 n - 2 scrolls of identify
 v - a scroll of magic mapping {unknown}
Potions
 j - 2 potions of curing
 k - a potion of magic
 l - a potion of might {unknown}
 o - 2 potions of mutation {unknown}
 p - a potion of flight {unknown}
 s - a potion of haste {unknown}
 t - a potion of cure mutation {unknown}
Comestibles
 g - 2 bread rations
 u - 2 fruits
 x - a royal jelly


   Skills:
 + Level 2.4 Fighting
 + Level 3.8 Short Blades
 + Level 2.2 Throwing
 + Level 10.0 Dodging
 + Level 9.5 Stealth


You had 7 spell levels left.
You didn't know any spells.

Dungeon Overview and Level Annotations

Branches:
Dungeon (6/15)             Temple (0/1) D:4

Altars:
Dithmenos
Nemelex Xobeh
Pakellas
Sif Muna
Ukayaw

Annotations:
D:3 GlassEater's ghost, amateur DsAK
D:6 Edmund


Innate Abilities, Weirdness & Mutations

You are tiny and cannot use many weapons and most armour.
You have supernaturally acute eyesight. (SInv)
You are a herbivore.
You cover ground extremely quickly.
You need consume almost no food.


Message History

The phantom completely misses you.
You barely miss the phantom.
The phantom is moderately damaged.
The phantom closely misses you.
You hit the phantom but do no damage.
The phantom is moderately damaged.
The phantom blinks!
Things that are here:
a flail; a chain mail; an orc corpse
There is a stone staircase leading down, spattered with blood here.
You climb downwards.
Level annotation: Edmund Edmund hits you with a dire flail!
* * * LOW HITPOINT WARNING * * *
The necrophage misses you. Edmund completely misses you.
There is a stone staircase leading up, spattered with blood here.
The necrophage completely misses you.
The orc wizard gestures at you while chanting.
The magic dart hits you!
You die...

#######
##.....##
##.......##
#.........#
#)..@.....#
#...o@o(..#
#...n.....#
#.........#
#...........(
#...........#
...........#..
#.#.........#
#
............#


You could see Edmund, a necrophage and 2 orc wizards.

Vanquished Creatures
  Pikel (D:4)
  An orc warrior (D:5)
  3 slaves (D:4)
  2 ogres (D:5)
  An orc wizard (D:3)
  Natasha (thrice) (D:4)
  2 worker ants (D:4)
  A hound skeleton (D:3)
  7 adders
  2 worms
  2 dart slugs (D:1)
  4 giant geckos
  7 orcs
  2 ball pythons
  9 bats
  6 giant cockroaches
  7 goblins
  13 hobgoblins
  8 jackals
  2 giant newts
  6 kobolds
  5 rats
94 creatures vanquished.

Notes
Turn   | Place    | Note
--------------------------------------------------------------
     0 | D:1      | GlassEater the Spriggan Assassin began the quest for the Orb.
     0 | D:1      | Reached XP level 1. HP: 10/10 MP: 2/2
    47 | D:1      | Reached skill level 2 in Dodging
   101 | D:1      | Reached skill level 3 in Dodging
   108 | D:1      | Reached XP level 2. HP: 10/14 MP: 3/3
   599 | D:1      | Reached skill level 4 in Dodging
   938 | D:1      | Reached XP level 3. HP: 18/18 MP: 4/4
  1181 | D:2      | Reached skill level 5 in Dodging
  1764 | D:2      | Found a shadowy altar of Dithmenos.
  1768 | D:2      | Became a worshipper of Dithmenos the Shadowed
  1940 | D:2      | Reached XP level 4. HP: 22/22 MP: 5/5
  2222 | D:3      | Noticed GlassEater's ghost (amateur DsAK)
  2811 | D:3      | Reached skill level 6 in Dodging
  3124 | D:3      | Reached XP level 5. HP: 24/25 MP: 6/6
  3610 | D:3      | Found a hide-covered altar to Ukayaw.
  4026 | D:4      | Found a staircase to the Ecumenical Temple.
  4029 | D:4      | Noticed a slave
  4031 | D:4      | Noticed Pikel
  4033 | D:4      | Noticed a slave
  4036 | D:4      | Noticed a slave
  4091 | D:4      | Killed a slave
  4395 | D:4      | Noticed Natasha
  4670 | D:4      | Killed Natasha
  4670 | D:4      | Reached * piety under Dithmenos
  4725 | D:4      | Noticed Natasha
  4745 | D:4      | Killed Natasha
  4782 | D:4      | Noticed a slave
  4798 | D:4      | Killed a slave
  4852 | D:4      | Killed a slave
  5182 | D:4      | Killed Pikel
  5182 | D:4      | Reached skill level 9 in Dodging
  5182 | D:4      | Reached XP level 6. HP: 20/30 MP: 7/7
  5182 | D:4      | Reached XP level 7. HP: 23/35 MP: 8/8
  5305 | D:4      | Noticed Natasha
  5325 | D:4      | Killed Natasha
  5389 | D:5      | Entered Level 5 of the Dungeon
  5985 | D:5      | Found an oddly glowing altar of Pakellas.
  6024 | D:5      | Found a deep blue altar of Sif Muna.
  6097 | D:5      | Found a sparkling altar of Nemelex Xobeh.
  6330 | D:6      | Noticed Edmund
  6456 | D:5      | Reached skill level 10 in Dodging
  6456 | D:5      | Reached XP level 8. HP: 12/39 MP: 9/9
  6511 | D:6      | Killed from afar by an orc wizard

Vault maps used:
D:1:      dpeg_arrival_circle_labyrinth_a
D:2:      grunt_dithmenos_smoke
D:3:      lemuel_coloured_pillars_altar, item_on_display_a
D:4:      minmay_temple_entry_crystal_x, first_bread, uniq_pikel, uniq_natasha
D:5:      led_sif_pool, nicolae_overflow_hidden_temple, nemelex_altar_shiori
D:6:      marbit_many_paths, johnstein_pakellas_shop, uniq_edmund

Skill      XL: |  1  2  3  4  5  6  7 |
---------------+----------------------+-----
Dodging        | 3 4 5 6 9 10 | 10.0
Stealth        | 6 8 9 |  9.5
Fighting       | 2 |  2.4
Short Blades   | 3 |  3.8
Throwing       | |  2.2

Action                   |  1- 3 |  4- 6 |  7- 9 || total
-------------------------+-------+-------+-------++-------
Melee: Dagger            |   115 |   120 |   122 ||   357
  Use: Scroll            |       |     5 |     2 ||     7
 Stab: Sleeping          |    21 |     6 |     3 ||    30
       Distracted        |       |     1 |     1 ||     2
  Eat: Fruit             |       |     1 |       ||     1
       Bread ration      |       |       |     1 ||     1
Armor: Robe              |    10 |     8 |     5 ||    23
Dodge: Dodged            |    62 |   103 |    91 ||   256
